 Dungeon Crawl Stone Soup version 0.27-a0-1321-gd358eaa319 (webtiles) character file.

Game seed: 4169914391436876156

6 Froggeryz the Cudgeller (level 1, -4/17 HPs)
             Began as a Ghoul Gladiator on June 22, 2021.
             Slain by a goblin (20 damage)
             ... on level 1 of the Dungeon.
             The game lasted 00:00:45 (612 turns).

Froggeryz the Cudgeller (Ghoul Gladiator)            Turns: 612, Time: 00:00:46

Health: -4/17      AC:  4    Str: 17    XL:     1   Next: 90%
Magic:  0/0        EV: 12    Int:  3    God:
Gold:   32         SH:  0    Dex: 10    Spells: 0/0 levels left

rFire    . . .     SeeInvis .   a - +0 flail
rCold    + . .     Faith    .   (no shield)
rNeg     + + +     Spirit   .   b - +0 leather armour
rPois    ∞         Reflect  .   c - +0 helmet
rElec    .         Harm     .   (no cloak)
rCorr    .         Rampage  .   (no gloves)
Will     .....                  (no boots)
Stlth    +.........             (no amulet)
HPRegen  0.00/turn              (no ring)
MPRegen  0.07/turn              (no ring)

@: no status effects
A: claws 1, cold resistance 1, negative energy resistance 3, inhibited
regeneration, torment resistance 2
a: no special abilities


You were on level 1 of the Dungeon.
You visited 1 branch of the dungeon, and saw 1 of its levels.

You collected 32 gold pieces.

Inventory:

Hand Weapons
 a - a +0 flail (weapon)
Missiles
 d - 3 throwing nets (quivered)
Armour
 b - a +0 leather armour (worn)
 c - a +0 helmet (worn)
Potions
 e - a potion of degeneration {unknown}


   Skills:
 - Level 2.1 Fighting
 * Level 3.0 Maces & Flails
 - Level 1.7 Throwing
 + Level 0.5 Armour
 - Level 2.6 Dodging


You couldn't memorise any spells.
You didn't know any spells.
Your spell library was empty.

Dungeon Overview and Level Annotations

Branches:
Dungeon (1/15)

Altars:


Innate Abilities, Weirdness & Mutations

You thrive by killing the living.
You are immune to poison.
You have sharp fingernails.
Your flesh is cold resistant. (rC+)
You are immune to negative energy. (rN+++)
You do not regenerate when monsters are visible.
You are immune to unholy pain and torment.


Message History

The bat hits you but does no damage. The bat barely misses you.
The bat hits you.
You miss the bat.
The bat is moderately wounded.
The bat barely misses you. The bat completely misses you.
The bat closely misses you.
You miss the bat.
The bat is moderately wounded.
The bat hits you but does no damage. The bat hits you.
The bat closely misses you.
You closely miss the bat.
The bat is moderately wounded.
The bat closely misses you. x2
You sock the bat!
You kill the bat!
The endoplasm freezes you.
You are frozen.
You resist.
You sock the endoplasm!
You kill the endoplasm!
Your Maces & Flails skill increases to level 3!
No target in view!
No target in view!
No target in view!
No target in view!
No target in view!
No target in view!
No target in view!
No target in view!
No target in view!
A goblin comes into view.
It is wielding a +0 dagger of electrocution.
The goblin shouts!
A goblin is nearby!
A goblin is nearby!
Found 16 gold pieces.
The goblin barely misses you.
You barely miss the goblin.
The goblin hits you with a +0 dagger of electrocution.
You are electrocuted!!
Ouch! That really hurt!
You die...

#######
#.....#
#.###.# #.#
#.# #.# #.#
#.# #.# #.#
#.#########
##########.#
#..@g......
...........#
###........
############
#.####### #
#.# # ### ##
# #.# #
#.... . .$.
# #.#. .#
##. # ... .#
. # #.#
#.####.


You could see a goblin.

Vanquished Creatures
  A bat (D:1)
  An endoplasm (D:1)
  2 frilled lizards (D:1)
  A kobold (D:1)
  2 rats (D:1)
7 creatures vanquished.

Notes
Turn   | Place    | Note
-------+----------+-------------------------------------------
     0 | D:1      | Froggeryz the Ghoul Gladiator began the quest for the Orb.
     0 | D:1      | Reached XP level 1. HP: 17/17 MP: 0/0
   527 | D:1      | Reached skill level 3 in Maces & Flails
   612 | D:1      | Slain by a goblin

Illustrated notes

Levels and vault maps discovered:
D:1:      saegor_arrival_simple_b, layout_loops_ring, basic_ecumenical_altar,
          serial_shops, nicolae_shop_behind_doors, st_stairs_5

Skill      XL: |  1 |
---------------+----+-----
Maces & Flails | 3 |  3.0
Fighting       | |  2.1
Throwing       | |  1.7
Armour         | |  0.5
Dodging        | |  2.6

Action                   || total
-------------------------++-------
Melee: Flail             ||    29
Armor: Leather armour    ||     7
Dodge: Dodged            ||    21

Table legend: (Time is in decaauts)
 A = Elapsed time spent in this place.
 B = Non-inter-level travel time spent in this place.
 C = Inter-level travel time spent in this place.
 D = Time resting spent in this place.
 E = Time spent auto-exploring this place.
 F = Levels seen in this place.
 G = Mean time per level.
                   A        B        C        D        E       F      G
               +--------+--------+--------+--------+--------+-----+--------+
         Total |    619 |    619 |      0 |    284 |    281 |   1 |  619.0 |
       Dungeon |    619 |    619 |      0 |    284 |    281 |   1 |  619.0 |
               +--------+--------+--------+--------+--------+-----+--------+

Top non-repeatable levels by time:
     D:1: 619 daAuts
